 Dungeon Crawl Stone Soup version 0.30-a0-862-g1aabd4f9c5 (webtiles) character file.

Game seed: 8880215660984545788

1936 bande the Chopper (level 9, -4/55 HPs)
             Began as a Gargoyle Fighter on Mar 10, 2023.
             Slain by a two-headed ogre
             ... wielding a +0 great mace
              (5 damage)
             ... on level 8 of the Dungeon.
             The game lasted 00:13:35 (5970 turns).

bande the Chopper (Gargoyle Fighter)                Turns: 5970, Time: 00:13:36

Health: -4/55      AC: 21    Str: 19    XL:     9   Next: 18%
Magic:  9/9        EV: 10    Int: 10    God:
Gold:   265        SH:  5    Dex: 13    Spells: 8/8 levels left

rFire   + . .      SeeInvis .    a - +0 war axe
rCold   + . .      Faith    .    c - +0 buckler
rNeg    + . .      Spirit   .    j - +3 ring mail
rPois   ∞          Reflect  .    u - +2 helmet
rElec   +          Rampage  .    y - scarf {rC+ rF+}
rCorr   .                        x - +1 pair of gloves
Will    .....                    (no boots)
Stlth   +                        (no amulet)
HPRegen 0.29/turn                (no ring)
MPRegen 0.11/turn                (no ring)

@: no status effects
A: sickness immunity, AC +6, negative energy resistance 1, electricity
resistance, torment resistance 1, petrification resistance
a: no special abilities


You were on level 8 of the Dungeon.
You visited 1 branch of the dungeon, and saw 6 of its levels.

You collected 279 gold pieces.
You spent 14 gold pieces at shops.

Inventory:

Hand Weapons
 a - a +0 war axe (weapon)
 b - a +2 triple crossbow of flaming
Armour
 c - a +0 buckler (worn)
 j - a +3 ring mail (worn)
 u - a +2 helmet (worn)
 x - a +1 pair of gloves (worn)
 y - a scarf of resistance (worn)
Wands
 e - a wand of roots (11)
 q - a wand of charming (10)
Scrolls
 f - 2 scrolls of enchant armour
 h - a scroll of poison
 m - 3 scrolls of amnesia
 n - 3 scrolls of identify
 o - 2 scrolls of teleportation
 r - 2 scrolls of magic mapping
Potions
 d - a potion of might
 g - 2 potions of cancellation
 i - a potion of resistance
 k - 4 potions of curing
 l - a potion of heal wounds
 p - 3 potions of brilliance
 s - a potion of invisibility
 w - a potion of flight


   Skills:
 + Level 5.7 Fighting
 + Level 7.1 Axes
 + Level 6.1 Armour
 - Level 0.2 Dodging
 + Level 5.0 Shields
 * Level 4.3 Evocations


You had 8 spell levels left.
You didn't know any spells.
Your spell library contained the following spells:

 Spells                   Type           Power      Damage    Failure   Level
 Apportation              Tloc           0%         N/A       63%         1
 Magic Dart               Conj           0%         1d3       63%         1
 Lesser Beckoning         Tloc           0%         N/A       77%         2
 Searing Ray              Conj           0%         2d4       77%         2
 Gell's Gravitas          Tloc           0%         N/A       94%         3
 Teleport Other           Tloc           0%         N/A       94%         3
 Fulminant Prism          Conj/Hex       0%         3d5       100%        4
 Alistair's Intoxication  Tmut/Pois      0%         N/A       100%        5
 Conjure Ball Lightning   Conj/Air       0%         3x3d6     100%        6
 Discord                  Hex            0%         N/A       100%        8
 Disjunction              Tloc           0%         N/A       100%        8


Dungeon Overview and Level Annotations

Branches:
Dungeon (8/15)
 Temple: D:4-7         Lair: D:8-11

Altars:
Okawaru
Ru
Sif Muna
Xom

Shops:
D:2 *   D:4 **?   D:5 !


Innate Abilities, Weirdness & Mutations

You are immune to sickness and miasma.
Your stone body is resilient. (AC +6)
You are immune to poison.
You resist negative energy. (rN+)
You are resistant to electric shocks. (rElec)
You are resistant to unholy torment.
You are immune to petrification.


Message History

You slash the yak!
You kill the yak!
You closely miss the yak. The yak gores you but does no damage.
The yak barely misses you.
The two-headed ogre hits you but does no damage. x2
Your Axes skill increases to level 7!
You closely miss the yak.
The yak is moderately wounded.
You slash the two-headed ogre! The yak barely misses you.
You slash the yak!
The yak is severely wounded.
You hit the two-headed ogre.
The two-headed ogre hits you with a +0 great mace!
The two-headed ogre hits you with a +0 giant club!
You block the yak's attack.
You are too injured to fight recklessly!
You are too injured to fight recklessly!
You are too injured to fight recklessly!
You are too injured to fight recklessly!
You are too injured to fight recklessly!
You are too injured to fight recklessly!
You are too injured to fight recklessly!
You are too injured to fight recklessly!
You are too injured to fight recklessly!
You are too injured to fight recklessly!
You are too injured to fight recklessly!
You are too injured to fight recklessly!
You barely miss the two-headed ogre.
The two-headed ogre is moderately wounded.
You hit the yak but do no damage. You block the yak's attack.
The two-headed ogre hits you with a +0 great mace!
* * * LOW HITPOINT WARNING * * *
The two-headed ogre hits you with a +0 giant club!
* * * LOW HITPOINT WARNING * * *
You hit the two-headed ogre.
The two-headed ogre is moderately wounded.
You hit the yak but do no damage. The yak gores you.
* * * LOW HITPOINT WARNING * * *
The two-headed ogre hits you with a +0 great mace.
You die...

###############
#...
#......~.......
#...
#.########.###.
#... #.#
##.#.##. #...
#.######.###)#)
#... #.......##
##.. ...
#..#####.###.##
#.###..#
##.#.##
#Y@....# ##.##
#O###.## ###
..Y #.# #.#.
#.# ..... #.#
<.# #. #.# .>.
.. ... .# ##
..# ##


You could see a two-headed ogre and 2 yaks.

Vanquished Creatures
  A yak (D:8)
  A black bear (D:4)
  A sky beast (D:8)
  2 ice beasts
  3 ogres
  2 centaurs
  A phantom (D:3)
  A kobold brigand (D:8)
  A bullfrog (D:8)
  4 scorpions
  A howler monkey (D:4)
  A hound (D:5)
  2 jellies (D:5)
  An iguana (D:5)
  2 sleepcaps
  3 orc wizards
  Robin (D:3)
  9 adders
  9 gnolls
  A white imp (D:5)
  A worm (D:4)
  A dart slug (D:2)
  7 orcs
  15 ball pythons
  4 bats
  6 endoplasms
  15 goblins
  7 hobgoblins
  5 jackals
  3 quokkas
  15 kobolds
  3 rats (D:2)
129 creatures vanquished.

Notes
Turn   | Place    | Note
-------+----------+-------------------------------------------
     0 | D:1      | bande the Gargoyle Fighter began the quest for the Orb.
     0 | D:1      | Reached XP level 1. HP: 14/14 MP: 1/1
    54 | D:1      | Found a faded altar of an unknown god.
   112 | D:1      | Reached XP level 2. HP: 19/19 MP: 2/2
   543 | D:2      | Reached skill level 2 in Axes
   550 | D:2      | Reached XP level 3. HP: 24/24 MP: 3/3
   570 | D:2      | Found Faozeg's Assorted Antiques.
  1244 | D:3      | Noticed Robin
  1266 | D:3      | Reached XP level 4. HP: 14/29 MP: 4/4
  1269 | D:3      | Killed Robin
  1270 | D:3      | HP: 1/29 [hobgoblin[Robin] (6)]
  1623 | D:2      | Reached skill level 1 in Evocations
  1623 | D:2      | Reached XP level 5. HP: 10/33 MP: 5/5
  2054 | D:3      | Reached skill level 3 in Axes
  2249 | D:3      | Noticed a phantom
  2267 | D:3      | Killed a phantom
  2268 | D:3      | Reached XP level 6. HP: 37/38 MP: 6/6
  2861 | D:4      | Reached skill level 4 in Axes
  2861 | D:4      | Reached XP level 7. HP: 27/44 MP: 7/7
  3126 | D:4      | Found a shimmering altar of Xom.
  3130 | D:4      | Found a shimmering altar of Xom.
  3134 | D:4      | Found a shimmering altar of Xom.
  3180 | D:4      | Reached skill level 5 in Armour
  3209 | D:4      | Identified a scroll of acquirement
  3209 | D:4      | Acquired a +2 triple crossbow of flaming
  3353 | D:4      | Found Moocuex's General Store.
  3355 | D:4      | Found Filaphosm's Specific Store.
  3378 | D:4      | Reached skill level 5 in Axes
  3672 | D:4      | Bought a potion of degeneration for 14 gold pieces
  3872 | D:4      | Found Aqadan's Magic Scroll Shop.
  3886 | D:4      | Reached XP level 8. HP: 26/48 MP: 8/8
  4521 | D:5      | Entered Level 5 of the Dungeon
  4618 | D:5      | Reached skill level 5 in Fighting
  5109 | D:5      | Found Gow Muma's Distillery.
  5136 | D:5      | Reached skill level 6 in Axes
  5658 | D:5      | You fall into a shaft and drop 3 floors!
  5861 | D:8      | Found a shimmering blue altar of Sif Muna.
  5863 | D:8      | Found a sacrificial altar of Ru.
  5863 | D:8      | Found an iron altar of Okawaru.
  5902 | D:8      | Reached XP level 9. HP: 52/54 MP: 9/9
  5939 | D:8      | Reached skill level 5 in Shields
  5962 | D:8      | Noticed a two-headed ogre
  5967 | D:8      | Reached skill level 7 in Axes
  5970 | D:8      | HP: 1/55 [yak (2)]
  5970 | D:8      | Slain by a two-headed ogre

Illustrated notes

Levels and vault maps discovered:
D:1:      dpeg_arrival_renting, layout_rooms,
          shapermc_ecumenical_altar_starsandcircs
D:2:      layout_loops_cross, serial_shops, nicolae_shop_crystal,
          minmay_misc_feat_roman
D:3:      layout_rooms, minmay_snake_closets, uniq_robin
D:4:      kennysheep_six_static_rooms, layout_loops_corners, xom_redecorated,
          serial_shops, kennysheep_little_box, nicolae_specific_store
D:5:      layout_loops_corners, serial_shops, shop
D:8:      layout_loops_ring, nicolae_overflow_quartered_altars

Skill      XL: |  1  2  3  4  5  6  7  8  9 |
---------------+----------------------------+-----
Axes           | 2 3 4 5 6 7 |  7.1
Fighting       | 4 5 |  5.7
Armour         | 4 5 6 |  6.1
Evocations     | 1 2 3 4 |  4.3
Shields        | 4 5 |  5.0
Dodging        | |  0.2

Action                     |  1- 3 |  4- 6 |  7- 9 || total
---------------------------+-------+-------+-------++-------
  Melee: War axe           |   128 |   166 |   286 ||   580
    Use: Potion            |       |     1 |     2 ||     3
         Scroll            |       |     9 |     8 ||    17
 Armour: Scale mail        |    89 |   156 |    30 ||   275
         Ring mail         |       |       |   184 ||   184
  Dodge: Dodged            |    80 |    99 |   109 ||   288
  Block: Buckler           |    40 |    46 |    72 ||   158

Table legend: (Time is in decaauts)
 A = Elapsed time spent in this place.
 B = Non-inter-level travel time spent in this place.
 C = Inter-level travel time spent in this place.
 D = Time resting spent in this place.
 E = Time spent auto-exploring this place.
 F = Levels seen in this place.
 G = Mean time per level.
                   A        B        C        D        E       F      G
               +--------+--------+--------+--------+--------+-----+--------+
         Total |   6167 |   6066 |    101 |   1280 |   3349 |   6 | 1027.8 |
       Dungeon |   6167 |   6066 |    101 |   1280 |   3349 |   6 | 1027.8 |
               +--------+--------+--------+--------+--------+-----+--------+

Top non-repeatable levels by time:
     D:4: 1992 daAuts
     D:2: 1176 daAuts
     D:5: 1162 daAuts
     D:3: 959 daAuts
     D:1: 550 daAuts
     D:8: 326 daAuts
